 Seeded DCSS version 0.29.1 (webtiles) character file.

Game seed: 9708579739092153053 (custom seed)

14005 GigaChad the Basher (level 11, -1/105 HPs)
             Began as a Minotaur Fighter on Sept 14, 2022.
             Was an Elder of Ashenzari.
             Killed by divine providence
             ... invoked by an orc priest
              (11 damage)
             ... on level 11 of the Dungeon.
             The game lasted 00:24:46 (9874 turns).

GigaChad the Basher (Minotaur Fighter)              Turns: 9874, Time: 00:24:46

Health: -1/105     AC: 21    Str: 30    XL:     11   Next: 83%
Magic:  10/10      EV: 10    Int:  4    God:    Ashenzari [****..]
Gold:   2350       SH:  9    Dex: 22    Spells: 10/10 levels left

rFire   + . .      SeeInvis +   l - +7 mace of the Maze {spect, rPois Will+ Str+2}
rCold   . . .      Faith    .   J - +2 buckler "Pantheism of Ashenzari" {Alch, Melee} (curse)
rNeg    . . .      Spirit   .   n - +0 plate armour of Supernal Gnosis {Evo, Range} (curse)
rPois   +          Reflect  .   r - +2 hat of Ashenzari's Scepticism {-Tele Dex+6, Comp, Self} (curse)
rElec   .          Harm     .   q - +2 cloak of Panopticon {Fly rF+ Str+5 Int-3, Evo, Comp} (curse)
rCorr   .          Rampage  .   (no gloves)
Will    +....      Clarity  +   (no boots)
Stlth   .......... NoTele   +   O - amulet "Cursed Together" {Acrobat, Elem, Comp} (curse)
HPRegen 0.27/turn               K - ring "Enigmatic Loss" {Dex+6, Elem, Melee} (curse)
MPRegen 0.12/turn               (no ring)

@: flying
A: horns 2, retaliatory headbutt
a: Renounce Religion, Shatter the Chains


You were on level 11 of the Dungeon.
You worshipped Ashenzari.
Ashenzari was greatly pleased with you.
You visited 2 branches of the dungeon, and saw 12 of its levels.

You collected 2350 gold pieces.

Inventory:

Hand Weapons
 a - a +0 long sword
 l - the +7 mace of the Maze (weapon) {spect, rPois Will+ Str+2}
   (You found it on level 2 of the Dungeon)

   When its wielder attacks, the weapon's spirit leaps out and strikes again.
   The spirit shares a part of any damage it takes with its wielder.
   Str:       It affects your strength (+2).
   rPois:     It protects you from poison.
   Will:      It increases your willpower.
 G - a +1 antimagic quarterstaff
 Q - the +3 mace "Impslayer" {drain, *Rage rN++ Stlth+}
   (You found it on level 10 of the Dungeon)

   A truly terrible weapon, it drains the life of any living foe it strikes.
   rN:        It greatly protects you from negative energy.
   *Rage:     It berserks you when you make melee attacks (+20% chance).
   Stlth:     It makes you more stealthy.
 S - a +1 scimitar of flaming
Missiles
 y - 2 atropa-tipped darts (quivered)
Armour
 b - a +0 scale mail
 c - a +0 buckler
 n - the cursed +0 plate armour of Supernal Gnosis (worn) {Evo, Range}
   (You found it on level 2 of the Dungeon)

   It has a curse which improves the following skills: Evocations: Evocations.
   Ranged Combat: Ranged Weapons and Throwing.
 q - the cursed +2 cloak of Panopticon (worn) {Fly rF+ Str+5 Int-3, Evo, Comp}
   (You acquired it on level 3 of the Dungeon)

   Str:       It affects your strength (+5).
   Int:       It affects your intelligence (-3).
   rF:        It protects you from fire.
   Fly:       It grants you flight.
   It has a curse which improves the following skills: Evocations: Evocations.
   Companions: Summonings and Necromancy.
 r - the cursed +2 hat of Ashenzari's Scepticism (worn) {-Tele Dex+6, Comp, Self}
   (You acquired it on level 3 of the Dungeon)

   Dex:       It affects your dexterity (+6).
   -Tele:     It prevents most forms of teleportation.
   It has a curse which improves the following skills: Companions: Summonings
   and Necromancy.
   Introspection: Fighting and Spellcasting.
 C - +0 steam dragon scales
 J - the cursed +2 buckler "Pantheism of Ashenzari" (worn) {Alch, Melee}
   (You found it on level 8 of the Dungeon)

   It has a curse which improves the following skills: Alchemy: Poison Magic and
   Transmutations.
   Melee Combat: Short Blades, Long Blades, Axes, Maces & Flails, Polearms,
   Staves and Unarmed Combat.
 T - a +0 troll leather armour
Jewellery
 A - a ring of resist corrosion
 I - a ring of protection from cold
 K - the cursed ring "Enigmatic Loss" (left hand) {Dex+6, Elem, Melee}
   (You found it on level 8 of the Dungeon)

   [ring of dexterity]

   Dex:       It affects your dexterity (+6).
   It has a curse which improves the following skills: Elements: Fire Magic, Ice
   Magic, Air Magic and Earth Magic.
   Melee Combat: Short Blades, Long Blades, Axes, Maces & Flails, Polearms,
   Staves and Unarmed Combat.
 O - the cursed amulet "Cursed Together" (around neck) {Acrobat, Elem, Comp}
   (You found it on level 10 of the Dungeon)

   [amulet of the acrobat]

   It increases your evasion while moving and waiting.
   It has a curse which improves the following skills: Elements: Fire Magic, Ice
   Magic, Air Magic and Earth Magic.
   Companions: Summonings and Necromancy.
 P - a ring of positive energy
Wands
 s - a wand of flame (4)
 E - a wand of roots (3)
 L - a wand of charming (10)
 M - a wand of acid (6)
 R - a wand of digging (2)
Scrolls
 e - 4 scrolls of blinking
 f - a scroll of teleportation
 g - 2 scrolls of butterflies
 h - 11 scrolls of identify
 k - 2 scrolls of noise
 p - a scroll of fear
 v - 3 scrolls of immolation
 x - 2 scrolls of magic mapping
 D - a scroll of amnesia
Potions
 d - a potion of might
 i - a potion of curing
 j - a potion of heal wounds
 m - a potion of brilliance
 o - 3 potions of haste
 t - a potion of resistance
 u - 2 potions of flight
 w - 2 potions of degeneration
 z - a potion of magic
 B - 3 potions of attraction
 F - 4 potions of lignification
 H - a potion of cancellation
 N - a potion of ambrosia


   Skills:
 + Level 10.4(12.3) Fighting
 + Level 3.3(5.9) Long Blades
 + Level 13.4(16.3) Maces & Flails
 + Level 1.1(2.3) Throwing
 + Level 12.2 Armour
 + Level 3.1 Dodging
 + Level 2.8 Stealth
 + Level 9.6 Shields


You had 10 spell levels left.
You didn't know any spells.
Your spell library contained the following spells:

 Spells                   Type           Power      Damage    Failure   Level
 Necrotise                Necr           0%         1d4       98%         1
 Shock                    Conj/Air       0%         1d3       99%         1
 Sublimation of Blood     Necr           0%         N/A       99%         2
 Swiftness                Air            0%         N/A       100%        3
 Vampiric Draining        Necr           0%         2d6       100%        3
 Airstrike                Air            0%         2d(0-16)  100%        4
 Petrify                  Tmut/Erth      0%         N/A       100%        4
 Summon Lightning Spire   Summ/Air       0%         N/A       100%        4
 Agony                    Necr           0%         N/A       100%        5
 Irradiate                Conj/Tmut      0%         3d11      100%        5
 Summon Forest            Summ/Tloc      0%         N/A       100%        5
 Dispersal                Tloc           0%         N/A       100%        6
 Malign Gateway           Summ/Tloc      0%         N/A       100%        7
 Disjunction              Tloc           0%         N/A       100%        8
 Summon Horrible Things   Summ           0%         N/A       100%        8


Dungeon Overview and Level Annotations

Branches:
Dungeon (11/15)            Temple (1/1) D:6
   Lair: D:8-11         Orc: D:9-12

Altars:
Ashenzari
Cheibriados
Dithmenos
Fedhas
Gozag
Hepliaklqana
Makhleb
Okawaru
Qazlal
Ru
Sif Muna
Uskayaw
Vehumet
Wu Jian
Xom
Yredelemnul
Zin
The Shining One

Annotations:
D:5 3 runed translucent doors, bwicke's ghost, novice KoAM


Innate Abilities, Weirdness & Mutations

You have a pair of horns on your head.
You reflexively headbutt those who attack you in melee.


Message History

Your +7 mace of the Maze {spect, rPois Will+ Str+2} hits the basilisk!
You kill the basilisk!
The vampire mosquito bites you.
* * * LOW HITPOINT WARNING * * *
The vampire mosquito draws strength from your injuries!
The vampire mosquito barely misses you.
The vampire mosquito closely misses you.
The vampire mosquito bites you.
* * * LOW HITPOINT WARNING * * *
The vampire mosquito draws strength from your injuries!
You swap places.
The vampire mosquito barely misses you.
The boulder beetle curls into a ball and begins rolling!
The vampire mosquito attacks as you move away!
The vampire mosquito bites you but does no damage.
You block the vampire mosquito's attack. x2
The vampire mosquito attacks as you move away!
The vampire mosquito misses you.
The vampire mosquito attacks as you move away!
The vampire mosquito bites you but does no damage.
You block the vampire mosquito's attack.
The boulder beetle stops rolling and uncurls.
The vampire mosquito closely misses you.
An orc priest comes into view. It is wielding a +0 hand axe.
The vampire mosquito barely misses you.
A gargoyle comes into view. It is wielding a +0 mace.
The orc priest shouts!
The vampire mosquito closely misses you.
The vampire mosquito barely misses you. You furiously retaliate!
You headbutt the vampire mosquito!
The orc priest casts a cantrip, but nothing happens.
The vampire mosquito barely misses you.
You closely miss the vampire mosquito.
Your headbutt misses the vampire mosquito.
The vampire mosquito is heavily damaged.
Your +7 mace of the Maze {spect, rPois Will+ Str+2} hits the vampire mosquito!
You destroy the vampire mosquito!
The vampire mosquito bites you but does no damage.
The orc priest calls down the wrath of Beogh upon you.
Beogh smites you!
You die...

, * * ,,,, ,,, ,..# * * ..
,**......., , ..# {. , * *
.......** #.# .. , .......
, #.# .. ** #......
>#.########.. ,, ,*#.....9
.#(########.. * ** *
#......######.......)○.. ,
.o.....(y...........)... ,
,
,.......@yB..............
*
*,#####.#####.#####.###...
, , #....#..#..#.)...#...
, ,* *,
#.*####.....#.....#... * ,
*, ..# ....#.#.#.##[##....
,, ,
#.#.#*###.....#.....#... ,
*, . *#..,
#..#..#.....#... , * ,
###.# ###.#####.###... *
**#.....#.....####.##...


You could see a boulder beetle, 2 vampire mosquitoes, a gargoyle, an orc priest
and a friendly +7 mace of the Maze {spect, rPois Will+ Str+2} (summoned).

Vanquished Creatures
  A yaktaur captain (D:11)
  A boulder beetle (D:11)
  A hydra (D:11)
  Erolcha (D:9)
  A two-headed ogre (D:11)
  2 centaur warriors (D:11)
  4 cyclopes (D:11)
  A manticore (D:11)
  Joseph (D:8)
  A kobold demonologist (D:10)
  An efreet (D:11)
  2 trolls
  A hornet (D:10)
  Prince Ribbit (D:7)
  Grinder (D:6)
  2 slime creatures (D:11)
  A wyvern (D:11)
  3 yaks (D:10)
  A shadow (D:10)
  Eustachio (D:6)
  A steam dragon (D:7)
  A basilisk (D:11)
  3 wraiths
  3 vampire mosquitoes
  3 acid dragons
  2 water moccasins
  A sky beast (D:7)
  2 black bears (D:6)
  2 orc warriors
  3 centaurs
  A phantom (D:6)
  3 kobold brigands
  3 bullfrogs
  A necrophage (D:8)
  A gnoll sergeant (D:11)
  3 scorpions
  4 wights (D:10)
  7 killer bees (D:11)
  An electric eel (D:9)
  5 howler monkeys
  A crimson imp (D:8)
  2 gnoll boudas
  2 jellies
  5 orc priests
  A hound (D:4)
  4 iguanas
  15 orc wizards
  Robin (D:4)
  10 adders
  8 gnolls
  3 worms
  2 dart slugs
  31 orcs
  5 ball pythons
  4 bats
  5 endoplasms
  5 giant cockroaches
  16 goblins
  8 hobgoblins
  8 jackals
  4 quokkas
  2 frilled lizards
  13 kobolds
  3 rats
236 creatures vanquished.

Vanquished Creatures (others)
  An orc (D:7)
  12 plants (D:11)
13 creatures vanquished.

Grand Total: 249 creatures vanquished

Notes
Turn   | Place    | Note
-------+----------+-------------------------------------------
     0 | D:1      | GigaChad the Minotaur Fighter began the quest for the Orb.
     0 | D:1      | Reached XP level 1. HP: 19/19 MP: 0/0
   369 | D:1      | Reached XP level 2. HP: 18/27 MP: 1/1
   685 | D:1      | Found a faded altar of an unknown god.
  1322 | D:2      | Identified the +7 mace of the Maze {spect, rPois Will+
                  | Str+2}
  1431 | D:2      | Reached XP level 3. HP: 33/33 MP: 2/2
  1937 | D:3      | Reached skill level 1 in Dodging
  1960 | D:3      | Identified 3 scrolls of acquirement
  1960 | D:3      | Acquired the +2 hat "Qengak" {-Tele Dex+6}
  1967 | D:3      | Acquired 763 gold pieces
  1969 | D:3      | Acquired the +2 cloak of Kemuxkiwk {Fly rF+ Str+5 Int-3}
  2030 | D:3      | Reached XP level 4. HP: 30/41 MP: 3/3
  2150 | D:3      | Reached skill level 1 in Maces & Flails
  2541 | D:4      | Reached skill level 5 in Armour
  2546 | D:4      | Reached XP level 5. HP: 47/47 MP: 4/4
  2574 | D:4      | Reached skill level 2 in Maces & Flails
  2625 | D:4      | Reached skill level 5 in Fighting
  2653 | D:4      | Reached skill level 3 in Maces & Flails
  2653 | D:4      | Reached XP level 6. HP: 56/56 MP: 5/5
  2707 | D:4      | Identified the +1 robe of Dogmatism {rPois Int+2 Dex+4
                  | Slay-2}
  2810 | D:4      | Noticed Robin
  2822 | D:4      | Killed Robin
  3423 | D:5      | Entered Level 5 of the Dungeon
  3425 | D:5      | Reached skill level 4 in Maces & Flails
  3508 | D:5      | Found a runed translucent gate.
  3509 | D:5      | Found a runed translucent gate.
  3510 | D:5      | Found a runed translucent gate.
  3511 | D:5      | Noticed bwicke's ghost (novice KoAM)
  3556 | D:5      | Reached skill level 5 in Maces & Flails
  3556 | D:5      | Reached XP level 7. HP: 61/61 MP: 6/6
  3924 | D:6      | Found a staircase to the Ecumenical Temple.
  3930 | Temple   | Entered the Ecumenical Temple
  3937 | Temple   | Became a worshipper of Ashenzari the Shackled
  4186 | D:6      | Found a glowing drain.
  4296 | D:6      | Noticed Eustachio
  4300 | D:6      | Killed Eustachio
  4301 | D:6      | Reached skill level 6 in Maces & Flails
  4317 | D:6      | Found a large runed translucent door.
  4318 | D:6      | Found a large runed translucent door.
  4328 | D:6      | Noticed Grinder
  4330 | D:6      | Found a basalt altar of Yredelemnul.
  4339 | D:6      | Killed Grinder
  4340 | D:6      | Reached XP level 8. HP: 38/70 MP: 7/7
  4342 | D:6      | Reached skill level 7 in Maces & Flails
  4342 | D:6      | Reached skill level 1 in Stealth
  4347 | D:6      | Found a radiant altar of Vehumet.
  4554 | D:6      | Reached skill level 5 in Shields
  5450 | D:7      | Reached skill level 8 in Maces & Flails
  5718 | D:7      | Noticed Prince Ribbit
  5732 | D:7      | Killed Prince Ribbit
  5733 | D:7      | Reached XP level 9. HP: 71/78 MP: 8/8
  5739 | D:7      | Reached skill level 9 in Maces & Flails
  5830 | D:8      | Noticed Joseph
  5842 | D:8      | Killed Joseph
  5981 | D:8      | Found a stormy altar of Qazlal.
  6025 | D:8      | Reached * piety under Ashenzari
  6650 | D:8      | Reached ** piety under Ashenzari
  6990 | D:9      | Reached skill level 10 in Maces & Flails
  7010 | D:9      | Found an ornate altar of the Wu Jian Council.
  7351 | D:9      | Noticed Erolcha
  7381 | D:9      | Killed Erolcha
  7382 | D:9      | Reached XP level 10. HP: 41/91 MP: 9/9
  7811 | D:9      | Found a hide-covered altar of Uskayaw.
  7867 | D:9      | Reached *** piety under Ashenzari
  7919 | D:9      | Found a sacrificial altar of Ru.
  7982 | D:9      | Found a snail-covered altar of Cheibriados.
  8161 | D:10     | Entered Level 10 of the Dungeon
  8167 | D:10     | Reached skill level 10 in Armour
  8170 | D:10     | Reached skill level 11 in Maces & Flails
  8443 | D:10     | Reached skill level 1 in Throwing
  8494 | D:10     | Reached **** piety under Ashenzari
  8511 | D:10     | Identified the +3 mace "Impslayer" {drain, *Rage rN++
                  | Stlth+}
  8532 | D:10     | Acquired 932 gold pieces
  8807 | D:11     | Noticed a two-headed ogre
  8814 | D:11     | Killed a two-headed ogre
  8842 | D:11     | Noticed a cyclops
  8861 | D:11     | Reached skill level 12 in Maces & Flails
  8889 | D:11     | Killed a cyclops
  8891 | D:11     | Reached XP level 11. HP: 64/101 MP: 10/10
  9100 | D:11     | Noticed a boulder beetle
  9144 | D:11     | Killed a boulder beetle
  9145 | D:11     | Noticed a centaur warrior
  9152 | D:11     | HP: 5/102 [centaur warrior (3)]
  9156 | D:11     | Killed a centaur warrior
  9658 | D:11     | Noticed a six-headed hydra
  9659 | D:11     | Identified the Incunabulum of Companions
  9662 | D:11     | Killed a six-headed hydra
  9663 | D:11     | Reached skill level 13 in Maces & Flails
  9702 | D:11     | Noticed a yaktaur captain
  9720 | D:11     | Killed a yaktaur captain
  9721 | D:11     | Reached skill level 10 in Fighting
  9771 | D:11     | Noticed a centaur warrior
  9794 | D:11     | HP: 3/104 [kobold brigand/+0 whip[a centaur warrior] (5)]
  9798 | D:11     | Killed a centaur warrior
  9852 | D:11     | Noticed a boulder beetle
  9874 | D:11     | Killed from afar by an orc priest

Illustrated notes

Levels and vault maps discovered:
D:1:      matt_arrival_spirals, layout_loops_ring,
          chequers_ecumenical_altar_island, chequers_serial_rivers_room_b,
          minmay_misc_feat_nine_boxes
D:2:      layout_basic, chequers_serial_rivers_small_3
D:3:      layout_loops_ring
D:4:      layout_loops_corners, kennysheep_generic_room_5, uniq_robin
D:5:      kennysheep_kobold_camp, layout_cave_pools,
          gammafunk_ghost_nasty_kobolds, nicolae_fountain_basement
D:6:      minmay_evil_eye, layout_loops_ring, jmf_multi_god_temple2,
          temple_statues, gup_sewer_entry_bubbles, uniq_grinder, uniq_eustachio
D:7:      layout_loops_ring, worms_lemuel, uniq_prince_ribbit1
D:8:      layout_layer_cave, mainiacjoe_overflow_tiny_flanked, minivault_22,
          minmay_fire_ice_demons, uniq_joseph
D:9:      layout_roguey, lemuel_coloured_pillars_altar,
          mainiacjoe_overflow_alcove_2, nicolae_ru_the_path_less_chosen,
          chei_slow_surprise, serial_bayou_pond_b, kennysheep_path_1,
          lemuel_flamethrower_2, uniq_erolcha
D:10:     layout_rooms
D:11:     minmay_the_grid_square_5x5_4x4 [minmay_the_grid_square_5x5_spiral,
          minmay_the_grid_square_5x5_two_small,
          minmay_the_grid_square_5x5_forky,
          minmay_the_grid_square_5x5_two_walls_b,
          minmay_the_grid_square_5x5_three_small,
          minmay_the_grid_square_5x5_prize_open,
          minmay_the_grid_square_5x5_prize_waves,
          minmay_the_grid_square_5x5_shrine2,
          minmay_the_grid_square_5x5_moneybag,
          minmay_the_grid_square_5x5_prize_gold,
          minmay_the_grid_square_5x5_prize_monsterx,
          minmay_the_grid_square_5x5_intrusive_squares,
          minmay_the_grid_square_5x5_bridge, minmay_the_grid_square_5x5_minimal,
          minmay_the_grid_square_5x5_dogpile, minmay_the_grid_square_5x5_slash],
          layout_irregular_city, dpeg_oklobed_lair, gammafunk_ghost_hive,
          kennysheep_nondescript
Temple:   hellmonk_temple_two_chambers

Skill      XL: |  1  2  3  4  5  6  7  8  9 10 11 |
---------------+----------------------------------+-----
Fighting       | 4 5 6 7 8 10 | 10.4
Armour         | 4 5 6 8 9 11 12 | 12.2
Long Blades    | 3 |  3.3
Dodging        | 1 2 3 |  3.1
Maces & Flails | 1 3 5 6 8 10 12 13 | 13.4
Shields        | 4 5 6 8 9 |  9.6
Stealth        | 2 |  2.8
Throwing       | 1 |  1.1

Action                   |  1- 3 |  4- 6 |  7- 9 | 10-12 || total
-------------------------+-------+-------+-------+-------++-------
Melee: Long sword        |    49 |       |       |       ||    49
       Mace              |    28 |    59 |   135 |   166 ||   388
       Headbutt          |     7 |     7 |    21 |    41 ||    76
Throw: Dart              |       |       |     2 |       ||     2
Invok: Curse Item        |       |       |     4 |     2 ||     6
  Use: Scroll            |     4 |     1 |     6 |     1 ||    12
       Potion            |       |       |       |     2 ||     2
 Stab: Distracted        |       |       |     1 |       ||     1
Armor: Scale mail        |    49 |       |       |       ||    49
       Plate armour      |    10 |    42 |    96 |    95 ||   243
Dodge: Dodged            |    55 |    22 |    46 |   147 ||   270
Block: Buckler           |    22 |    16 |    40 |   111 ||   189
